 Dungeon Crawl Stone Soup version 0.31-a0-1540-g5a0b83f448 (webtiles) character file.

Game seed: 11924256150949741124

10688 Atlas the Thaumaturge (level 11, -2/70 HPs)
             Began as a Demonspawn Fire Elementalist on Jan 2, 2024.
             Was a Believer of Vehumet.
             Killed by miscasting Stone Arrow (11 damage)
             ... on level 11 of the Dungeon.
             The game lasted 00:18:35 (12650 turns).

Atlas the Thaumaturge (DsFE)                       Turns: 12650, Time: 00:18:37

Health: -2/70      AC: 13    Str:  9    XL:     11   Next: 39%
Magic:  20/26      EV:  9    Int: 25    God:    Vehumet [**....]
Gold:   97         SH: 10    Dex: 14    Spells: 21/32 levels left

rFire   . . .        I - +1 whip (elec)
rCold   . . .        B - +2 kite shield
rNeg    . . .        G - +0 acid dragon scales
rPois   .            (helmet restricted)
rElec   .            D - +2 cloak
rCorr   +            j - +0 pair of gloves
SInv    .            (no boots)
Will    .....        n - amulet of magic regeneration
Stlth   ++           k - +6 ring of intelligence
HPRegen 0.31/turn    (no ring)
MPRegen 0.60/turn

%: no passive effects
@: very slightly contaminated
A: antennae 2, spiny 1, sharp scales 3
a: Renounce Religion


You were on level 11 of the Dungeon.
You worshipped Vehumet.
Vehumet was pleased with you.
You visited 2 branches of the dungeon, and saw 12 of its levels.
You also visited: Ossuary.

You collected 619 gold pieces.
You spent 522 gold pieces at shops.

Inventory:

Hand Weapons
 I - a +1 whip of electrocution (weapon)
Missiles
 x - 3 throwing nets
Armour
 j - a +0 pair of gloves (worn)
 p - the +1 robe "Zooruch" {MP+9}
   (You found it on level 2 of the Dungeon)

   MP+9:      It affects your magic capacity (+9).
 B - a +2 kite shield (worn)
 D - a +2 cloak (worn)
 G - +0 acid dragon scales (worn)
 L - a +2 leather armour of willpower
Jewellery
 k - a +6 ring of intelligence (left hand)
 n - an amulet of magic regeneration (around neck)
 y - an amulet of the acrobat
 N - a ring of see invisible
Wands
 q - a wand of iceblast (9)
 A - a wand of charming (9)
 K - a wand of acid (2)
 M - a wand of flame (14)
Scrolls
 a - a scroll of noise
 c - a scroll of vulnerability
 d - 4 scrolls of fear
 h - a scroll of teleportation
 i - 4 scrolls of fog
 m - a scroll of blinking {unknown}
 o - a scroll of amnesia
 u - 3 scrolls of enchant armour
 w - a scroll of enchant weapon {unknown}
 z - a scroll of poison {unknown}
 C - 2 scrolls of immolation
 E - 4 scrolls of revelation
 F - a scroll of brand weapon {unknown}
 J - a scroll of acquirement {unknown}
Potions
 b - 2 potions of magic
 e - 6 potions of curing
 f - 2 potions of attraction
 g - 3 potions of haste
 l - 2 potions of invisibility
 r - 2 potions of ambrosia
 s - a potion of brilliance
 t - 4 potions of heal wounds
 v - 3 potions of enlightenment
 H - a potion of berserk rage {unknown}
 O - a potion of might {unknown}


   Skills:
 + Level 1.2 Fighting
 + Level 0.8 Maces & Flails
 + Level 2.2 Armour
 + Level 3.3 Dodging
 - Level 2.0 Stealth
 + Level 2.1 Shields
 + Level 11.4 Spellcasting
 + Level 5.7 Conjurations
 + Level 10.2 Fire Magic
 + Level 0.7 Evocations


You had 21 spell levels left.
You knew the following spells:

 Your Spells              Type           Power      Damage    Failure   Level
a - Scorch                Fire           100%       2d9       1%          2
b - Foxfire               Conj/Fire      100%       2x1d9     1%          1
c - Borgnjor's Vile Clut  Necr/Erth      7%         N/A       100%        5
d - Stone Arrow           Conj/Erth      56%        3d10      34%         3

Your spell library contained the following spells:

 Spells                   Type           Power      Damage    Failure   Level
 Mercury Vapours          Alch/Air       28%        N/A       50%         2
 Magic Dart               Conj           100%       1d8       3%          1
 Inner Flame              Hex/Fire       39%        N/A       14%         3
 Volatile Blastmotes      Fire/Tloc      78%        2d16      14%         3
 Flame Wave               Conj/Fire      53%        2d13      14%         4
 Sandblast                Erth           28%        2d8       36%         1
 Ignite Poison            Fire/Alch      39%        N/A       43%         4
 Cigotuvi's Dreadful Rot  Necr/Alch/Air  28%        N/A       50%         2
 Frozen Ramparts          Ice            28%        1d5       75%         3
 Passwall                 Erth           14%        N/A       75%         3
 Leda's Liquefaction      Alch/Erth      7%         N/A       98%         4
 Petrify                  Alch/Erth      14%        N/A       98%         4
 Freezing Cloud           Conj/Ice/Air   11%        6-21      99%         5
 Alistair's Intoxication  Alch           9%         N/A       100%        5
 Lee's Rapid Deconstruct  Erth           7%         3d6*      100%        5
 Metabolic Englaciation   Hex/Ice        7%         N/A       100%        5
 Eringya's Noxious Bog    Alch           7%         4d6       100%        6
 Sculpt Simulacrum        Ice/Alch       7%         N/A       100%        6
 Ozocubu's Refrigeration  Ice            7%         4d9       100%        7
 Polar Vortex             Ice            7%         N/A       100%        9


Dungeon Overview and Level Annotations

Branches:
Dungeon (11/15)            Temple (1/1) D:4            Lair (0/5) D:10
    Orc (0/2) D:9         Ossuary (visited)

Altars:
Ashenzari
Cheibriados
Dithmenos
Fedhas
Gozag
Hepliaklqana
Kikubaaqudgha
Makhleb
Nemelex Xobeh
Okawaru
Qazlal
Ru
Sif Muna
Trog
Uskayaw
Vehumet
Wu Jian
Xom
Yredelemnul

Shops:
D:6 *   D:11 *


Innate Abilities, Weirdness & Mutations

You have a pair of antennae on your head.
You are partially covered in sharp spines.
You are completely covered in razor-sharp scales. (AC +3, Slay +3)


Message History

You hit the boulder beetle.
The boulder beetle is severely wounded.
You block the boulder beetle's attack. The boulder beetle bites you.
You hit the boulder beetle but do no damage.
Lightning courses through the boulder beetle!
The boulder beetle is severely wounded.
You block the boulder beetle's attack.
You hit the boulder beetle but do no damage.
The boulder beetle is severely wounded.
The boulder beetle bites you.
* * * LOW HITPOINT WARNING * * *
You hit the boulder beetle.
The boulder beetle is severely wounded.
The boulder beetle leaps!
Okay, then.
As you close the door, it creaks loudly!
You start resting.
Magic restored.
You start resting.
Your magical contamination has completely faded away.
You open the door.
Casting: Stone Arrow (dangerous; 34% risk of failure)
Confirm with . or Enter, or press ? or * to list all spells.
Aiming: Stone Arrow (dangerous; 34% risk of failure)
Press: ? - help, Shift-Dir - straight line, f/p - boulder beetle
Aim: a boulder beetle (severely wounded, 100% to hit)
The stone arrow hits the boulder beetle!
The boulder beetle is almost dead.
The boulder beetle bites you!
* * * LOW HITPOINT WARNING * * *
Unknown command.
Casting: Stone Arrow (dangerous; 34% risk of failure)
Confirm with . or Enter, or press ? or * to list all spells.
Aiming: Stone Arrow (dangerous; 34% risk of failure)
Press: ? - help, Shift-Dir - straight line, f/p - boulder beetle
Aim: a boulder beetle (almost dead, 100% to hit)
You miscast Stone Arrow.
You are very lightly contaminated with residual magic.
Sparks fly from your hands!
You die...

# #.........# #. #######..## #..
######.#### #.#.#########+##
#.......... ...............#
#.......... ...............#
#.......... ...#...........#
#..........
..#.#..........########..........
...#○..........B@.)..............
#....○°°.......########..........
B#.#.#.###+##### #..........
.......# #.........> .#....##
#########.# ....# .# ..#


You could see a boulder beetle.

Vanquished Creatures
  5 two-headed ogres
  Pikel (D:8)
  An unseen horror (D:11)
  2 kobold demonologists
  A queen bee (D:10)
  2 vampires
  A shadow (D:10)
  2 vampire mosquitoes (D:8)
  2 steam dragons
  2 acid dragons (D:8)
  4 orc warriors
  3 ice beasts
  3 black bears
  An ogre (D:6)
  3 phantoms
  A lemure (D:7)
  A kobold brigand (D:10)
  4 bullfrogs
  2 scorpions
  10 wights
  A burial acolyte (Ossuary)
  27 killer bees
  8 electric eels (D:8)
  6 howler monkeys
  2 bombardier beetles
  4 orc priests
  Crazy Yiuf (D:5)
  4 hounds
  A jelly (D:5)
  Jessica (D:2)
  6 iguanas
  Natasha (D:2)
  9 orc wizards
  A mummy (Ossuary)
  7 gnolls
  12 adders
  2 shadow imps (D:6)
  2 white imps
  4 ufetubi
  6 dart slugs
  A ribbon worm (D:3)
  36 orcs
  9 ball pythons
  3 endoplasms
  4 giant cockroaches
  9 goblins
  8 hobgoblins
  4 jackals
  7 kobolds
  3 quokkas
  3 bats
  4 frilled lizards
  9 gnoll skeletons (Ossuary)
  7 kobold skeletons (Ossuary)
  6 orc skeletons (Ossuary)
  An orc zombie (D:4)
  6 rats
276 creatures vanquished.

Vanquished Creatures (collateral kills)
  2 orc priests (D:9)
  An orc wizard (D:9)
  2 orcs (D:9)
  7 foxfires (D:8)
12 creatures vanquished.

Vanquished Creatures (others)
  A frilled lizard (D:3)
  925 foxfires
926 creatures vanquished.

Grand Total: 1214 creatures vanquished

Notes
Turn   | Place    | Note
-------+----------+-------------------------------------------
     0 | D:1      | Atlas the Demonspawn Fire Elementalist began the quest for
                  | the Orb.
     0 | D:1      | Reached XP level 1. HP: 13/13 MP: 3/3
   204 | D:1      | Gained mutation: You are partially covered in razor-sharp
                  | scales. (AC +1, Slay +1) [demonic ancestry]
   204 | D:1      | Reached XP level 2. HP: 18/19 MP: 0/5
   690 | D:1      | Learned a level 2 spell: Scorch
  1071 | D:2      | Gained mutation: You are mostly covered in razor-sharp
                  | scales. (AC +2, Slay +2) [demonic ancestry]
  1071 | D:2      | Reached XP level 3. HP: 24/24 MP: 1/6
  1279 | D:2      | Noticed Jessica
  1287 | D:2      | Killed Jessica
  1524 | D:2      | Reached XP level 4. HP: 30/30 MP: 8/8
  1672 | D:2      | Reached skill level 3 in Spellcasting
  1797 | D:2      | Identified the +1 robe "Zooruch" {MP+9}
  1987 | D:2      | Identified the +5 ring mail "Kioxteq" {Str+3}
  2263 | D:2      | Noticed Natasha
  2269 | D:2      | Killed Natasha
  2586 | D:3      | Gained mutation: You have a pair of small antennae on your
                  | head. [demonic ancestry]
  2586 | D:3      | Reached XP level 5. HP: 35/35 MP: 10/10
  2645 | D:3      | Found a shadowy altar of Dithmenos.
  2650 | D:3      | Found a bloodstained altar of Trog.
  2774 | D:3      | Found a shimmering altar of Xom.
  2906 | D:3      | Noticed a phantom
  2911 | D:3      | Killed a phantom
  2912 | D:3      | Reached skill level 4 in Spellcasting
  3047 | D:3      | Gained mutation: You are completely covered in razor-sharp
                  | scales. (AC +3, Slay +3) [demonic ancestry]
  3047 | D:3      | Reached XP level 6. HP: 33/41 MP: 9/12
  3463 | D:3      | Found a hazy altar of Hepliaklqana.
  3590 | D:4      | Found a sand-covered staircase.
  3602 | Ossuary  | Entered an ossuary
  4392 | D:4      | Found a staircase to the Ecumenical Temple.
  4415 | D:4      | Reached XP level 7. HP: 38/46 MP: 12/14
  4522 | Temple   | Entered the Ecumenical Temple
  4817 | D:4      | Reached skill level 5 in Spellcasting
  5185 | D:4      | Reached skill level 5 in Fire Magic
  5450 | D:5      | Entered Level 5 of the Dungeon
  5582 | D:5      | Reached XP level 8. HP: 51/53 MP: 16/16
  5714 | D:5      | Reached skill level 6 in Spellcasting
  5992 | D:5      | Found a runed translucent door.
  5993 | D:5      | Noticed Crazy Yiuf
  6320 | D:5      | Killed Crazy Yiuf
  6325 | D:5      | Identified the +2 hammer "Hegena" {venom, rC- Int+2 SInv
                  | Stlth+}
  6583 | D:6      | Reached skill level 7 in Spellcasting
  6974 | D:6      | Found Neisulur's Assorted Antiques.
  7004 | D:6      | Bought 2 potions of curing for 138 gold pieces
  7014 | D:6      | Gained mutation: You have a pair of antennae on your head.
                  | [demonic ancestry]
  7014 | D:6      | Reached XP level 9. HP: 55/58 MP: 20/20
  8096 | D:7      | Reached skill level 8 in Spellcasting
  8549 | D:8      | Noticed a two-headed ogre
  8560 | D:8      | Killed a two-headed ogre
  8561 | D:8      | Reached skill level 1 in Fighting
  8561 | D:8      | Reached skill level 1 in Shields
  8647 | D:8      | Noticed Pikel
  8834 | D:8      | Reached skill level 9 in Spellcasting
  8937 | D:8      | Killed Pikel
  8938 | D:8      | Gained mutation: You are partially covered in sharp spines.
                  | [demonic ancestry]
  8938 | D:8      | Reached XP level 10. HP: 65/65 MP: 23/23
  9114 | D:8      | Learned a level 5 spell: Borgnjor's Vile Clutch
  9114 | D:8      | Found a radiant altar of Vehumet.
  9114 | D:8      | Noticed a two-headed ogre
  9132 | D:8      | Killed a two-headed ogre
  9177 | D:8      | Found an ancient bone altar of Kikubaaqudgha.
  9177 | D:8      | Found a shimmering blue altar of Sif Muna.
  9186 | D:8      | Got Vehumet's Vellum of Conjuration
  9188 | D:8      | Became a worshipper of Vehumet
  9405 | D:8      | Reached skill level 10 in Spellcasting
  9510 | D:8      | Reached skill level 5 in Conjurations
 10279 | D:9      | Found an opulent altar of Gozag.
 10434 | D:9      | Reached skill level 1 in Armour
 10458 | D:9      | Reached * piety under Vehumet
 10458 | D:9      | Offered knowledge of Shock by Vehumet.
 10603 | D:9      | Found a staircase to the Orcish Mines.
 10899 | D:10     | Entered Level 10 of the Dungeon
 11337 | D:10     | Reached XP level 11. HP: 23/70 MP: 20/25
 11574 | D:10     | Found a staircase to the Lair.
 11613 | D:10     | Reached skill level 11 in Spellcasting
 11666 | D:10     | Noticed a two-headed ogre
 11677 | D:10     | Killed a two-headed ogre
 11677 | D:10     | Reached ** piety under Vehumet
 11677 | D:10     | Offered knowledge of Mercury Vapours by Vehumet.
 11708 | D:10     | Found an ornate altar of the Wu Jian Council.
 11739 | D:10     | Reached skill level 10 in Fire Magic
 11925 | D:11     | Noticed a two-headed ogre
 11925 | D:11     | Found Evyinoxt's Elemental Accessories.
 11937 | D:11     | Killed a two-headed ogre
 11950 | D:11     | Bought Sif Muna's Compilation of the Anticline for 384 gold
                  | pieces
 12363 | D:11     | Noticed a boulder beetle
 12456 | D:11     | Noticed a two-headed ogre
 12471 | D:11     | Killed a two-headed ogre
 12595 | D:11     | Learned a level 3 spell: Stone Arrow
 12650 | D:11     | Killed by miscasting Stone Arrow

Illustrated notes

Levels and vault maps discovered:
D:1:      dpeg_arrival_long_road, layout_loops_ring, minmay_misc_feat_tiny
D:2:      layout_loops_corners, minmay_curled_crystal, uniq_jessica,
          uniq_natasha
D:3:      layout_loops_ring, xom_confusion_cloud, minitemple,
          nicolae_hepliaklqana_hippocampus
D:4:      layout_loops_ring, minmay_temple_entry_large_hall, enter_ossuary_3,
          dk_noncrumbling_4
D:5:      layout_rooms, uniq_crazy_yiuf_cottage
D:6:      layout_gridville, serial_shops, nicolae_shop_gibbet_a_chance
D:7:      layout_basic
D:8:      layout_cave_pools, grunt_temple_overflow_magic_moments, serial_bayou,
          serial_bayou_crossing, serial_bayou_lagoon_b, serial_bayou_pond_e,
          serial_bayou_shore_b, serial_bayou_lake_a, serial_bayou_lagoon_a,
          small_statue_alley_b, uniq_pikel
D:9:      layout_cave_pools, pdpol_temple_overflow_zin_treasury_gozag_greed,
          minmay_orc_entry_temple_small
D:10:     layout_basic, nicolae_wu_jian_wuxing_cycle, lair_entry_dummy,
          minivault_7
D:11:     layout_roguey, nicolae_elemental_shop, hangedman_decor_opposing
Temple:   minmay_temple_curvy_loop

Skill      XL: |  1  2  3  4  5  6  7  8  9 10 11 |
---------------+----------------------------------+-----
Fire Magic     | 3 4 5 6 8 9 10 | 10.2
Dodging        | 2 3 |  3.3
Stealth        | 2 |  2.0
Spellcasting   | 3 4 5 7 9 10 11 | 11.4
Conjurations   | 2 3 4 5 |  5.7
Fighting       | 1 |  1.2
Shields        | 1 2 |  2.1
Armour         | 1 2 |  2.2
Maces & Flails | |  0.8
Evocations     | |  0.7

Action                     |  1- 3 |  4- 6 |  7- 9 | 10-12 || total
---------------------------+-------+-------+-------+-------++-------
  Melee: Unarmed           |    15 |       |       |       ||    15
         Whip              |     8 |    33 |    15 |    34 ||    90
         Punch             |       |     1 |       |       ||     1
   Cast: Foxfire           |    60 |   116 |   145 |   206 ||   527
         Scorch            |     1 |    55 |   101 |   103 ||   260
         Stone Arrow       |       |       |       |     7 ||     7
  Evoke: Wand              |       |       |       |     6 ||     6
    Use: Scroll            |       |     2 |     8 |     8 ||    18
         Potion            |       |       |     2 |     1 ||     3
   Stab: Sleeping          |     1 |     1 |       |       ||     2
 Armour: Robe              |    13 |    33 |    56 |    14 ||   116
         Acid dragon scale |       |       |       |   109 ||   109
  Dodge: Dodged            |    23 |    48 |    37 |    42 ||   150
  Block: Kite shield       |       |       |    25 |    69 ||    94

Table legend: (Time is in decaauts)
 A = Elapsed time spent in this place.
 B = Non-inter-level travel time spent in this place.
 C = Inter-level travel time spent in this place.
 D = Time resting spent in this place.
 E = Time spent auto-exploring this place.
 F = Levels seen in this place.
 G = Mean time per level.
                   A        B        C        D        E       F      G
               +--------+--------+--------+--------+--------+-----+--------+
         Total |  12718 |  12117 |    601 |    608 |   9581 |  13 |  978.3 |
       Dungeon |  11937 |  11479 |    458 |    608 |   9067 |  11 | 1085.2 |
        Temple |    143 |      0 |    143 |      0 |      0 |   1 |  143.0 |
       Ossuary |    637 |    637 |      0 |      0 |    514 |   1 |  637.0 |
               +--------+--------+--------+--------+--------+-----+--------+

Top non-repeatable levels by time:
     D:8: 1575 daAuts
     D:2: 1408 daAuts
     D:7: 1199 daAuts
     D:4: 1121 daAuts
     D:3: 1101 daAuts
     D:1: 1049 daAuts
     D:6: 1034 daAuts
    D:10: 1031 daAuts
     D:5: 998 daAuts
    D:11: 729 daAuts
     D:9: 688 daAuts
 Ossuary: 637 daAuts
  Temple: 143 daAuts
